 Dungeon Crawl Stone Soup version 0.30-a0-743-gbfdf073431 (webtiles) character file.

Game seed: 2116100191461298519

321 scionoferis the Ducker (level 6, -1/50 HPs)
             Began as a Demigod Hexslinger on Feb 5, 2023.
             Slain by a centaur (6 damage)
             ... on level 5 of the Dungeon.
             The game lasted 00:07:15 (2826 turns).

scionoferis the Ducker (Demigod Hexslinger)         Turns: 2826, Time: 00:07:15

Health: -1/50      AC:  3    Str: 17    XL:     6   Next: 1%
Magic:  10/10      EV: 30    Int: 15    God:
Gold:   145        SH:  0    Dex: 29    Spells: 6/7 levels left

rFire   . . .      SeeInvis .    a - +2 short sword (venom)
rCold   + . .      Faith    .    (no shield)
rNeg    . . .      Spirit   .    c - +0 robe
rPois   .          Reflect  .    q - +0 helmet
rElec   +          Harm     .    (no cloak)
rCorr   .          Rampage  .    (no gloves)
Will    .....                    (no boots)
Stlth   +++                      B - amulet of the acrobat
HPRegen 0.28/turn                l - ring "Zitusyna" {rElec Str+6 Dex+7}
MPRegen 0.12/turn                n - ring of protection from cold

@: acrobatic
A: high MP 1, forlorn, divine attributes
a: no special abilities


You were on level 5 of the Dungeon.
You visited 1 branch of the dungeon, and saw 5 of its levels.

You collected 145 gold pieces.


Innate Abilities, Weirdness & Mutations

You have an increased reservoir of magic. (+10% MP)
You shall have no god before yourself.
Your divine heritage dramatically boosts your attributes as you level up.


   Skills:
 + Level 2.4 Fighting
 * Level 2.7 Long Blades
 - Level 1.7 Ranged Weapons
 * Level 3.8 Dodging
 + Level 2.3 Stealth
 - Level 1.0 Spellcasting
 - Level 2.6 Hexes


You had 6 spell levels left.
You knew the following spells:

 Your Spells              Type           Power      Damage    Failure   Level
a - Slow                  Hex            32%        N/A       9%          1

Your spell library contained the following spells:

 Spells                   Type           Power      Damage    Failure   Level
 Inner Flame              Hex/Fire       4%         N/A       38%         3
 Portal Projectile        Hex/Tloc       8%         N/A       38%         3
 Stone Arrow              Conj/Erth      0%         3d7       58%         3
 Cause Fear               Hex            4%         N/A       63%         4
 Animate Armour           Summ/Erth      0%         N/A       94%         4
 Lehudib's Crystal Spear  Conj/Erth      0%         10d2      100%        8

Inventory:

Hand Weapons
 a - a +2 short sword of venom (weapon)
   (You took it off a kobold on level 3 of the Dungeon)
 b - a +0 arbalest
   (You found it on level 4 of the Dungeon)
 h - a +0 dagger
   (You took it off a kobold on level 1 of the Dungeon)
 o - the +3 spear of Rounnyss {antimagic, rC+ Will+ Dex+3}
   (You found it on level 2 of the Dungeon)

   Dex:       It affects your dexterity (+3).
   rC:        It protects you from cold.
   Will:      It increases your willpower.
 u - a +0 rapier
   (You found it on level 2 of the Dungeon)
 y - a +1 sling
Missiles
 e - 11 poisoned darts
Armour
 c - a +0 robe (worn)
 q - a +0 helmet (worn)
   (You found it on level 2 of the Dungeon)
Jewellery
 l - the ring "Zitusyna" (left hand) {rElec Str+6 Dex+7}
   (You found it on level 2 of the Dungeon)

   [ring of strength]

   Str:       It affects your strength (+6).
   Dex:       It affects your dexterity (+7).
   rElec:     It insulates you from electricity.
 n - a ring of protection from cold (right hand)
   (You found it on level 2 of the Dungeon)
 B - an amulet of the acrobat (around neck)
   (You found it on level 5 of the Dungeon)
Wands
 A - a wand of roots (9)
   (You found it on level 4 of the Dungeon)
Scrolls
 d - 2 scrolls of teleportation {unknown}
 f - a scroll of amnesia {unknown}
 g - a scroll of torment {unknown}
 i - a scroll of magic mapping {unknown}
 j - 3 scrolls of blinking {unknown}
 k - 2 scrolls of immolation {unknown}
 r - 3 scrolls of identify {unknown}
 s - a scroll of fog {unknown}
 t - 2 scrolls of enchant armour {unknown}
 z - a scroll of poison
Potions
 m - a potion of lignification {unknown}
 p - a potion of curing {unknown}
 v - a potion of invisibility {unknown}
 w - 2 potions of heal wounds {unknown}
 x - a potion of berserk rage {unknown}

Dungeon Overview and Level Annotations

Branches:
Dungeon (5/15)
 Temple: D:4-7

#....<.# # ##....
#.###..#.# #.....
#######.# #....###......
........###......+......
##..###.......####......
#........##.## ##.....
#..##.##..#### ##....
##.[.##.# ##... #..
#@#.# ##+# ...#:#cc.#
#.#.#...#.# #.##...##..#
##.# ..... ^.. .#####
#### #


You could see 2 centaurs.


Message History

You see here a ball python corpse.
Things that are here:
a +0 dagger; 3 stones
g - a scroll labelled VUIBOPR SOCOLO
Things that are here:
a +0 dagger; 3 stones
h - a +0 dagger An endoplasm and a ball python come into view.
Found a stone staircase leading down.
You shoot a sling bullet. The sling bullet hits the ball python.
The ball python hisses angrily.
The ball python is moderately wounded.
The endoplasm quivers.
You shoot a sling bullet. The sling bullet hits the ball python!
You kill the ball python!
You shoot a sling bullet. The sling bullet hits the endoplasm.
You kill the endoplasm!
No target in view!
No target in view!
A ball python comes into view.
You shoot a sling bullet.
The sling bullet completely misses the ball python.
You shoot a sling bullet. The ball python hisses angrily.
The sling bullet hits the ball python.
You kill the ball python!
No target in view!
No target in view!
A bat comes into view.
A bat is nearby!
You shoot a sling bullet. The sling bullet hits the bat!
You kill the bat!
Your Stealth skill increases to level 1!
No target in view!
No target in view!
i - a scroll labelled FODDUG FUDGHAE A ball python and a goblin come into view.
You shoot a sling bullet. The sling bullet hits the goblin.
The goblin shouts!
The goblin is heavily wounded.
You shoot a sling bullet. The sling bullet hits the goblin.
You kill the goblin!
You shoot a sling bullet. The sling bullet hits the ball python.
The ball python is moderately wounded.
You shoot a sling bullet.
The sling bullet closely misses the ball python.
You shoot a sling bullet.
The sling bullet barely misses the ball python.
The ball python bites you but does no damage.
The ball python grabs you. The ball python constricts you.
The ball python closely misses you. The ball python constricts you.
You shoot a sling bullet. The sling bullet hits the ball python.
The ball python is severely wounded.
The ball python bites you. The ball python constricts you.
You shoot a sling bullet. The sling bullet hits the ball python.
You kill the ball python!
No target in view!
You see here a ball python corpse.
Things that are here:
a +0 club; a goblin corpse A kobold comes into view.
It is wielding a +0 whip.
You shoot a sling bullet. The sling bullet hits the kobold.
The kobold shouts!
The kobold is moderately wounded.
You shoot a sling bullet.
The sling bullet barely misses the kobold.
No target in view!
No target in view!
You see here a scroll labelled HABOURGHEUSCH.
A kobold is nearby!
You shoot a sling bullet.
The sling bullet closely misses the kobold.
The kobold closely misses you.
You shoot a sling bullet.
The sling bullet completely misses the kobold.
The kobold closely misses you.
You shoot a sling bullet.
The sling bullet closely misses the kobold.
The kobold hits you with a +0 whip. The kobold barely misses you.
You shoot a sling bullet.
The sling bullet barely misses the kobold.
The kobold hits you with a +0 whip.
You shoot a sling bullet. The sling bullet hits the kobold!
You kill the kobold!
No target in view!
No target in view!
j - a scroll labelled HABOURGHEUSCH You now have 22 gold pieces (gained 12).
You now have 27 gold pieces (gained 5).
Found 4 stones.
You see here 4 stones.
You see here a +0 mace.
There is a stone staircase leading down here.
You see here 4 stones.
A kobold comes into view. It is wielding a +0 whip.
You shoot a sling bullet. The sling bullet hits the kobold.
You kill the kobold!
No target in view!
No target in view!
No target in view!
You now have 42 gold pieces (gained 15).
d - 2 scrolls labelled LAIZADINNO (gained 1)
k - a scroll labelled VEAMEU NOTHIMO
Found a dagger.
A bat comes into view.
You shoot a sling bullet. The sling bullet hits the bat.
You kill the bat!
No target in view!
No target in view!
There is a stone staircase leading down here.
Done exploring.
Done exploring.
There is a stone staircase leading down here.
Search for what [? for help]? d: Unknown command.
You climb downwards.
Found 5 gold pieces and a scroll labelled VEAMEU NOTHIMO.
There is a stone staircase leading up here.
You shoot a sling bullet. The sling bullet hits the hobgoblin.
You kill the hobgoblin!
No target in view!
No target in view!
k - 2 scrolls labelled VEAMEU NOTHIMO (gained 1)
Found a stone staircase leading down.
You now have 47 gold pieces (gained 5).
You see here a hobgoblin corpse.
l - the ring "Zitusyna" {rElec Str+6 Dex+7} You feel stronger.
You feel agile.
l - the ring "Zitusyna" (left hand) {rElec Str+6 Dex+7} A goblin comes into view.
It is wielding a +0 dagger.
You shoot a sling bullet. The sling bullet hits the goblin!
You kill the goblin!
You hear a shout!
A goblin comes into view. It is wielding a +0 club.
You shoot a sling bullet. The sling bullet hits the goblin.
You kill the goblin!
No target in view!
Found a stone staircase leading up.
You see here a +0 dagger.
You see here a +0 club.
A goblin comes into view. It is wielding a +0 club.
You see here a ruby potion.
You shoot a sling bullet. The sling bullet hits the goblin!
You kill the goblin!
m - a ruby potion A goblin comes into view.
It is wielding a +0 club.
Found a dagger.
You shoot a sling bullet. The goblin shouts!
The sling bullet hits the goblin!
You kill the goblin!
A bat comes into view.
You shoot a sling bullet. The sling bullet barely misses the bat.
The bat closely misses you.
No target in view!
Found a club.
The bat hits you but does no damage.
You shoot a sling bullet. The sling bullet barely misses the bat.
The bat misses you. x2
You shoot a sling bullet.
The sling bullet closely misses the bat.
The bat misses you.
You shoot a sling bullet.
The sling bullet closely misses the bat.
The bat closely misses you.
You shoot a sling bullet.
The sling bullet closely misses the bat.
The bat closely misses you.
You shoot a sling bullet. The sling bullet barely misses the bat.
The bat hits you but does no damage.
You shoot a sling bullet. The sling bullet barely misses the bat.
The bat hits you but does no damage.
You shoot a sling bullet. The sling bullet hits the bat.
You kill the bat!
You have reached level 3!
Your experience leads to a dramatic increase in your attributes!
Your base attributes are Str 11, Int 15, Dex 14.
Increase (S)trength, (I)ntelligence, or (D)exterity?
You feel agile. x4
You see here a staff of death.
A worm comes into view.
Found a dazzling spear.
You shoot a sling bullet. The sling bullet hits the worm!
The worm is heavily wounded.
You shoot a sling bullet.
The sling bullet barely misses the worm.
No target in view!
No target in view!
No target in view!
A quokka comes into view.
You shoot a sling bullet.
The sling bullet hits the worm but does no damage.
The worm is moderately wounded.
You shoot a sling bullet. The sling bullet hits the quokka!
You kill the quokka!
You shoot a sling bullet. The sling bullet hits the worm.
The worm is heavily wounded.
You shoot a sling bullet. The sling bullet hits the worm.
The worm is heavily wounded.
You shoot a sling bullet.
The sling bullet hits the worm but does no damage.
The worm is heavily wounded.
You shoot a sling bullet. The sling bullet hits the worm.
The worm is severely wounded.
The worm bites you but does no damage.
You shoot a sling bullet. The sling bullet hits the worm.
You kill the worm!
No target in view!
No target in view!
Found 12 gold pieces.
There is a fountain of sparkling water here.
A kobold comes into view. It is wielding a +0 dagger.
You shoot a sling bullet. The sling bullet hits the kobold.
You kill the kobold!
No target in view!
No target in view!
You enter the shallow water.
Moving in this stuff is going to be slow.
Found a sling and 8 gold pieces.
You see here a +0 sling.
You now have 55 gold pieces (gained 8).
Found an encrusted brass ring.
Things that are here:
a +0 dagger; a kobold corpse
Found a helmet.
An endoplasm comes into view.
You see here a ring of protection from cold.
n - a ring of protection from cold
n - a ring of protection from cold (right hand)
You shoot a sling bullet. The sling bullet hits the endoplasm!
You kill the endoplasm!
No target in view!
No target in view!
A dart slug comes into view.
An adder comes into view.
You shoot a sling bullet. The adder hisses angrily.
The sling bullet hits the dart slug.
The dart slug is moderately wounded.
You shoot a sling bullet. The sling bullet hits the adder.
The adder is moderately wounded.
You shoot a sling bullet. The sling bullet hits the adder.
The adder is severely wounded.
You shoot a sling bullet. The sling bullet hits the adder!
You kill the adder!
You shoot a sling bullet. The sling bullet hits the dart slug.
The dart slug is severely wounded.
The dart slug launches a dart at you. The slug dart hits you.
You shoot a sling bullet.
The sling bullet hits the dart slug but does no damage.
The dart slug is severely wounded.
You shoot a sling bullet. The sling bullet hits the dart slug.
You kill the dart slug!
You see here the +3 spear of Rounnyss {antimagic, rC+ Will+ Dex+3}.
o - the +3 spear of Rounnyss {antimagic, rC+ Will+ Dex+3} Adjust to which letter? (? for menu, Esc to quit)
a - the +3 spear of Rounnyss {antimagic, rC+ Will+ Dex+3}
o - a +1 sling (weapon)
Adjust to which letter? (? for menu, Esc to quit)
b - a +1 sling (weapon);
o - a scroll of poison HP restored.
You now have 67 gold pieces (gained 12).
p - a white potion You see here a +0 helmet.
q - a +0 helmet You start putting on your armour.
You continue putting on your +0 helmet. x4
You finish putting on your +0 helmet.
Found a stone staircase leading down.
Found a leather armour.
You see here a +0 leather armour.
You see here a hobgoblin corpse.
A worm comes into view.
You shoot a sling bullet. The sling bullet hits the worm.
The worm is moderately wounded.
You shoot a sling bullet.
The sling bullet barely misses the worm.
You shoot a sling bullet. The sling bullet hits the worm.
The worm is heavily wounded.
You shoot a sling bullet. The sling bullet hits the worm.
The worm is almost dead.
You shoot a sling bullet.
The sling bullet hits the worm but does no damage.
The worm is almost dead.
You shoot a sling bullet. The sling bullet hits the worm.
You kill the worm!
No target in view!
You see here a worm corpse.
r - a scroll labelled EDUOSO YNGOACA A quokka comes into view.
Found 3 stones.
You shoot a sling bullet.
The sling bullet barely misses the quokka.
A jackal comes into view.
You shoot a sling bullet. The jackal barks!
The sling bullet hits the jackal.
You kill the jackal!
You hear a bark!
You shoot a sling bullet. The sling bullet hits the quokka.
The quokka is heavily wounded.
A jackal comes into view.
The quokka closely misses you. The quokka misses you.
You shoot a sling bullet.
The sling bullet closely misses the quokka.
The quokka misses you.
You shoot a sling bullet.
The sling bullet hits the quokka but does no damage.
The quokka is moderately wounded.
The quokka closely misses you. The quokka completely misses you.
You shoot a sling bullet.
The sling bullet barely misses the quokka.
The sling bullet hits the jackal but does no damage.
The quokka barely misses you. The quokka misses you.
You shoot a sling bullet.
The sling bullet closely misses the quokka.
The sling bullet closely misses the jackal.
The quokka misses you.
You shoot a sling bullet. The sling bullet hits the quokka.
The quokka is almost dead.
The quokka bites you.
The quokka bites you but does no damage.
You shoot a sling bullet. The sling bullet hits the quokka!
You kill the quokka!
You shoot a sling bullet.
The sling bullet barely misses the jackal.
The jackal barely misses you. The jackal misses you.
You shoot a sling bullet. The sling bullet hits the jackal.
The jackal is heavily wounded.
The jackal misses you. The jackal closely misses you.
You feel agile.
You feel magic leave you.
a - the +3 spear of Rounnyss (weapon)
{antimagic, rC+ Will+ Dex+3} The jackal closely misses you.
You barely miss the jackal.
The jackal is moderately wounded.
The jackal misses you.
You hit the jackal.
The jackal is almost dead.
The jackal closely misses you. The jackal misses you.
You hit the jackal.
You kill the jackal!
No target in view!
You feel magic returning to you.
b - a +1 sling (weapon)
Magic restored.
You see here a quokka corpse.
There is a stone staircase leading down here.
A ball python comes into view.
You shoot a sling bullet. The sling bullet hits the ball python.
You kill the ball python!
No target in view!
No target in view!
You feel agile.
You feel magic leave you.
a - the +3 spear of Rounnyss (weapon)
{antimagic, rC+ Will+ Dex+3} You feel magic returning to you.
b - a +1 sling (weapon)
A goblin comes into view. It is wielding a +0 club.
Found an escape hatch in the floor.
You shoot a sling bullet. The sling bullet hits the goblin.
The goblin is severely wounded.
You shoot a sling bullet.
The sling bullet closely misses the goblin.
You feel agile.
You feel magic leave you.
a - the +3 spear of Rounnyss (weapon)
{antimagic, rC+ Will+ Dex+3} You puncture the goblin!
You kill the goblin!
No target in view!
No target in view!
You feel magic returning to you.
b - a +1 sling (weapon)
Things that are here:
a +0 club; a goblin corpse
There is an escape hatch in the floor here.
Found an escape hatch in the ceiling.
s - a scroll labelled IGAD XUCUQU An adder comes into view.
You shoot a sling bullet. The sling bullet hits the adder.
The adder hisses angrily.
The adder is heavily wounded.
You hear a shout!
You feel agile.
You feel magic leave you.
a - the +3 spear of Rounnyss (weapon)
{antimagic, rC+ Will+ Dex+3} A goblin comes into view.
It is wielding a +0 club.
You reach to attack!
You miss the goblin. The goblin closely misses you.
The goblin attacks as you move away! The goblin closely misses you.
You hit the goblin.
You kill the goblin!
Your Long Blades skill increases to level 1!
You reach to attack!
You miss the adder.
The adder is heavily wounded.
The adder bites you.
You barely miss the adder.
The adder is heavily wounded.
The adder closely misses you.
You closely miss the adder.
The adder is heavily wounded.
The adder barely misses you.
You miss the adder.
The adder is heavily wounded.
The adder completely misses you. The adder bites you but does no damage.
You hit the adder.
The adder is severely wounded.
The adder closely misses you.
You closely miss the adder.
The adder is severely wounded.
The adder bites you but does no damage. The adder misses you.
You barely miss the adder.
The adder is severely wounded.
The adder closely misses you.
You closely miss the adder.
The adder is severely wounded.
The adder bites you but does no damage. x2
You hit the adder.
You kill the adder!
No target in view!
You feel magic returning to you.
b - a +1 sling (weapon)
Things that are here:
a +0 club; an adder corpse A jackal comes into view.
You shoot a sling bullet. The sling bullet hits the jackal!
You kill the jackal!
No target in view!
A rat comes into view.
You shoot a sling bullet. The sling bullet hits the rat.
You kill the rat!
No target in view!
You see here a rat corpse.
A jackal comes into view.
The jackal barks!
You shoot a sling bullet.
The sling bullet barely misses the jackal.
You shoot a sling bullet. The sling bullet hits the jackal.
The jackal is moderately wounded.
You feel agile.
You feel magic leave you.
a - the +3 spear of Rounnyss (weapon)
{antimagic, rC+ Will+ Dex+3} The jackal barely misses you.
You barely miss the jackal.
The jackal is lightly wounded.
The jackal barely misses you.
You hit the jackal.
The jackal is moderately wounded.
The jackal bites you but does no damage.
The jackal closely misses you.
You closely miss the jackal.
The jackal is moderately wounded.
The jackal bites you but does no damage.
You closely miss the jackal.
The jackal is moderately wounded.
The jackal closely misses you.
The jackal bites you but does no damage.
You hit the jackal.
The jackal is almost dead.
The jackal closely misses you.
You hit the jackal.
You kill the jackal!
No target in view!
You feel magic returning to you.
b - a +1 sling (weapon)
A jackal comes into view.
You shoot a sling bullet. The sling bullet hits the jackal.
The jackal barks!
The jackal is heavily wounded.
You hear a bark!
You shoot a sling bullet.
The sling bullet barely misses the jackal.
A jackal comes into view.
You shoot a sling bullet. The sling bullet hits the jackal!
You kill the jackal!
You feel agile.
You feel magic leave you.
a - the +3 spear of Rounnyss (weapon)
{antimagic, rC+ Will+ Dex+3} A jackal comes into view.
The jackal barks!
You hit the jackal.
You kill the jackal!
A hobgoblin comes into view.
You see here a jackal corpse.
You reach to attack!
The hobgoblin shouts!
You hit the jackal.
The jackal is severely wounded.
A rat comes into view.
You puncture the jackal!
You kill the jackal!
You puncture the hobgoblin!
You kill the hobgoblin!
You have reached level 4!
You reach to attack!
You hit the rat.
You kill the rat!
No target in view!
No target in view!
You feel magic returning to you.
b - a +1 sling (weapon)
A hobgoblin comes into view.
You shoot a sling bullet. The sling bullet hits the hobgoblin!
You kill the hobgoblin!
No target in view!
No target in view!
Found a stone staircase leading down.
There is a stone staircase leading down here.
t - a scroll labelled BEYLLO OTT
Found a rapier.
You see here a +0 rapier.
u - a +0 rapier You open the door.
There is an open door here.
You open the door.
There is an open door here.
There is an open door here.
You open the door.
There is an open door here.
Found a stone staircase leading up.
You now have 82 gold pieces (gained 15).
There is a stone staircase leading up here.
There is a stone staircase leading down here.
Done exploring.
Done exploring.
Search for what [Enter for "d:", or ? for help]? d: Unknown command.
There is a stone staircase leading down here.
Unknown command.
You climb downwards.
Found a club.
There is a stone staircase leading up here.
You see here a +0 club.
As you open the door, it creaks loudly!
There is an open door here.
You open the door.
There is an open door here.
You now have 91 gold pieces (gained 9).
Found a stone staircase leading up.
You now have 97 gold pieces (gained 6).
Found a trident.
Found a scale mail.
A dart slug comes into view.
You shoot a sling bullet. The sling bullet hits the dart slug.
The dart slug is severely wounded.
The dart slug launches a dart at you. The slug dart misses you.
You shoot a sling bullet. The sling bullet hits the dart slug.
You kill the dart slug!
Your Dodging skill increases to level 3!
No target in view!
v - a glowing orange potion A ball python comes into view.
You shoot a sling bullet. The sling bullet hits the ball python.
The ball python is moderately wounded.
You shoot a sling bullet. The sling bullet hits the ball python!
You kill the ball python!
No target in view!
Found a stone staircase leading down.
There is a stone staircase leading down here.
Found a stone staircase leading up.
w - a fizzy golden potion
Found a stone staircase leading down.
j - 3 scrolls labelled HABOURGHEUSCH (gained 2)
A bat comes into view.
You shoot a sling bullet. The sling bullet hits the bat!
You kill the bat!
You hear an angry hiss.
There is a stone staircase leading down here.
An ogre comes into view. It is wielding a +0 giant club.
Unknown command.
Really read the scroll of poison?
The air fills with toxic fumes!
As you read the scroll of poison, it crumbles to dust.
Fire: b) +1 sling
Press: ? - help, Q - select action, (/) - cycle Shift-Dir - straight line, f - ogre
Aim: an ogre, wielding a +0 giant club (wandering, hasn't noticed you, 77% to hit)
You shoot a sling bullet.
The sling bullet hits the ogre but does no damage.
Fire: b) +1 sling
Press: ? - help, Q - select action, (/) - cycle Shift-Dir - straight line, f/p - ogre
Aim: an ogre, wielding a +0 giant club (77% to hit)
You shoot a sling bullet. The sling bullet hits the ogre.
The ogre is lightly wounded.
Fire: b) +1 sling
Press: ? - help, Q - select action, (/) - cycle Shift-Dir - straight line, f/p - ogre
Aim: an ogre, wielding a +0 giant club (lightly wounded, 77% to hit)
You shoot a sling bullet. The sling bullet hits the ogre.
The ogre is moderately wounded.
You shoot a sling bullet.
The sling bullet barely misses the ogre.
You shoot a sling bullet. The sling bullet hits the ogre.
The ogre is moderately wounded.
You shoot a sling bullet. The sling bullet hits the ogre.
The ogre is heavily wounded.
You shoot a sling bullet. The sling bullet hits the ogre.
The ogre is severely wounded.
You shoot a sling bullet. The sling bullet hits the ogre.
The ogre is almost dead.
You shoot a sling bullet.
The sling bullet hits the ogre but does no damage.
The ogre is almost dead.
You shoot a sling bullet. The sling bullet hits the ogre.
You kill the ogre!
Your Fighting skill increases to level 2!
Your Long Blades skill increases to level 2!
Your Stealth skill increases to level 2!
You have reached level 5!
A kobold comes into view.
It is wielding a +2 short sword of venom and quivering poisoned darts.
You shoot a sling bullet. The kobold shouts!
The sling bullet hits the kobold.
The kobold is moderately wounded.
You shoot a sling bullet. The sling bullet hits the kobold.
You kill the kobold!
Found a robe.
e - 6 poisoned darts (gained 4)
You now have 110 gold pieces (gained 13).
You see here a +2 short sword of venom.
o - a +2 short sword of venom
r - 2 scrolls labelled EDUOSO YNGOACA (gained 1) As you open the door, it creaks loudly!
Found a faded altar of an unknown god.
There is an open door here.
Found a dagger.
An endoplasm comes into view.
The endoplasm moves out of view.
An endoplasm is nearby!
No reachable target in view!
No reachable target in view!
There is a faded altar of an unknown god here.
You shoot a sling bullet. The endoplasm quivers.
The sling bullet hits the endoplasm.
The endoplasm is heavily wounded.
You shoot a sling bullet.
The sling bullet barely misses the endoplasm.
The endoplasm completely misses you.
You shoot a sling bullet.
The sling bullet barely misses the endoplasm.
The endoplasm freezes you.
You are frozen.
You resist.
You shoot a sling bullet. The sling bullet hits the endoplasm.
The endoplasm is heavily wounded.
The endoplasm freezes you.
You are frozen.
You resist.
You shoot a sling bullet. The sling bullet hits the endoplasm!
You kill the endoplasm!
No target in view!
No target in view!
No target in view!
HP restored.
You open the door.
There is an open door here.
There is an open door here.
You see here a +0 dagger.
There is an open door here.
You see here a +0 robe.
A ball python comes into view.
You shoot a sling bullet. The ball python hisses angrily.
The sling bullet hits the ball python.
You kill the ball python!
No target in view!
No target in view!
t - 2 scrolls labelled BEYLLO OTT (gained 1)
A goblin comes into view. It is wielding a +0 dagger.
You shoot a sling bullet. The sling bullet hits the goblin!
You kill the goblin!
A quokka comes into view.
You shoot a sling bullet.
The sling bullet barely misses the quokka.
You shoot a sling bullet.
The sling bullet hits the quokka but does no damage.
You shoot a sling bullet. The sling bullet hits the quokka.
The quokka is severely wounded.
You shoot a sling bullet.
The sling bullet hits the quokka but does no damage.
The quokka is severely wounded.
The quokka bites you but does no damage.
You shoot a sling bullet. The sling bullet hits the quokka.
You kill the quokka!
No target in view!
You now have 122 gold pieces (gained 12).
Found a war axe.
Found a mace.
You now have 131 gold pieces (gained 9).
A bat comes into view.
You shoot a sling bullet. The sling bullet hits the bat.
You kill the bat!
No target in view!
A rat comes into view.
You shoot a sling bullet. The sling bullet hits the rat!
You kill the rat!
No target in view!
No target in view!
A hobgoblin comes into view.
You shoot a sling bullet. The sling bullet hits the hobgoblin.
The hobgoblin shouts!
The hobgoblin is moderately wounded.
You hear an angry hiss.
You shoot a sling bullet. The sling bullet hits the hobgoblin.
You kill the hobgoblin!
A bat comes into view.
You shoot a sling bullet. The sling bullet hits the bat.
You kill the bat!
No target in view!
A ball python comes into view.
You shoot a sling bullet. The ball python hisses angrily.
The sling bullet hits the ball python.
You kill the ball python!
No target in view!
No target in view!
A hobgoblin comes into view.
You see here a +0 mace.
You shoot a sling bullet.
The sling bullet closely misses the hobgoblin.
The hobgoblin shouts!
You shoot a sling bullet.
The sling bullet barely misses the hobgoblin.
You shoot a sling bullet.
The sling bullet barely misses the hobgoblin.
You shoot a sling bullet.
The sling bullet closely misses the hobgoblin.
You shoot a sling bullet.
The sling bullet barely misses the hobgoblin.
You shoot a sling bullet.
The sling bullet barely misses the hobgoblin.
The hobgoblin barely misses you. The hobgoblin hits you.
You shoot a sling bullet.
The sling bullet closely misses the hobgoblin.
The hobgoblin closely misses you.
You feel agile.
You feel magic leave you.
a - the +3 spear of Rounnyss (weapon)
{antimagic, rC+ Will+ Dex+3} You barely miss the hobgoblin.
The hobgoblin hits you. x2
You puncture the hobgoblin!
You kill the hobgoblin!
No target in view!
You feel magic returning to you.
b - a +1 sling (weapon)
Magic restored.
You see here a hobgoblin corpse.
e - 11 poisoned darts (gained 5)
You see here a hobgoblin corpse.
You see here a hobgoblin corpse.
You see here a rat corpse.
w - 2 fizzy golden potions (gained 1)
An orc comes into view. It is wielding a +0 club.
Found a sedimented brown potion.
You shoot a sling bullet. The sling bullet hits the orc!
You kill the orc!
No target in view!
x - a sedimented brown potion
Found a stone staircase leading down.
An endoplasm comes into view.
You shoot a sling bullet. The sling bullet hits the endoplasm.
You kill the endoplasm!
No target in view!
No target in view!
An orc comes into view. It is wielding a +0 hand axe.
Found a whip.
You shoot a sling bullet. The sling bullet hits the orc.
The orc shouts!
The orc is moderately wounded.
You shoot a sling bullet. The sling bullet hits the orc.
You kill the orc!
Done exploring.
There is a stone staircase leading down here.
Search for what [Enter for "d:", or ? for help]? d: Unknown command.
You climb downwards.
Found a stone staircase leading down.
There is a stone staircase leading up here.
Found a robe.
An adder comes into view.
You shoot a sling bullet. The sling bullet hits the adder!
The adder hisses angrily.
The adder is severely wounded.
You shoot a sling bullet.
The sling bullet barely misses the adder.
You shoot a sling bullet. The sling bullet hits the adder!
You kill the adder!
Found a shimmering blue altar of Sif Muna.
You see here a +0 robe.
You open the door.
A ball python comes into view.
You shoot a sling bullet. The sling bullet hits the ball python.
You kill the ball python!
You hear a shout!
An orc comes into view. It is wielding a +0 flail.
You hear a shout!
You feel agile.
You feel magic leave you.
a - the +3 spear of Rounnyss (weapon)
{antimagic, rC+ Will+ Dex+3} You reach to attack!
You puncture the orc!
You kill the orc!
You feel magic returning to you.
b - a +1 sling (weapon)
An orc comes into view. It is wielding a +0 dagger.
You shoot a sling bullet.
The sling bullet closely misses the orc.
You shoot a sling bullet. The sling bullet hits the orc.
The orc is lightly wounded.
You feel agile.
You feel magic leave you.
a - the +3 spear of Rounnyss (weapon)
{antimagic, rC+ Will+ Dex+3} The orc hits you but does no damage.
You hit the orc.
The orc is severely wounded.
An orc comes into view. It is wielding a +0 club.
The orc hits you but does no damage.
You hit the orc.
You kill the orc!
You reach to attack!
You hit the orc.
The orc is moderately wounded.
You hit the orc.
You kill the orc!
No target in view!
There is an open door, spattered with blood here.
Items here: )) [ †.
Things that are here:
a +0 flail; a +0 leather armour You see here a ball python corpse.
Found a spear.
You feel magic returning to you.
b - a +1 sling (weapon)
Magic restored.
There is a stone staircase leading up here.
You pick up a book of Armaments and begin reading...
You add the spells Stone Arrow, Animate Armour and Lehudib's Crystal Spear to your library.
Okay, then.
Found an arbalest.
A goblin comes into view. It is wielding a +0 club.
You shoot a sling bullet. The sling bullet hits the goblin.
The goblin is moderately wounded.
A howler monkey comes into view.
The howler monkey hoots and howls with incredible vigour!
You hear a shout!
You shoot a sling bullet.
The sling bullet hits the howler monkey.
The howler monkey is moderately wounded.
You feel agile.
You feel magic leave you.
a - the +3 spear of Rounnyss (weapon)
{antimagic, rC+ Will+ Dex+3} You hit the howler monkey.
The howler monkey is heavily wounded.
The howler monkey hits you.
You hit the howler monkey. You punch the howler monkey.
The howler monkey is severely wounded.
The howler monkey hoots and howls with incredible vigour!
The howler monkey hits you.
You hit the howler monkey.
The howler monkey is almost dead.
The howler monkey hits you but does no damage.
You barely miss the howler monkey.
The howler monkey is almost dead.
The howler monkey hits you.
You puncture the howler monkey!
You kill the howler monkey!
You hit the goblin.
You kill the goblin!
No target in view!
No target in view!
An endoplasm comes into view.
Things that are here:
a +0 club; a howler monkey corpse You feel magic returning to you.
b - a +1 sling (weapon)
You shoot a sling bullet.
The sling bullet hits the endoplasm but does no damage.
You shoot a sling bullet. The sling bullet hits the endoplasm.
You kill the endoplasm!
No target in view!
Found a mace.
You see here a +0 arbalest.
y - a +0 arbalest Adjust to which letter? (? for menu, Esc to quit)
b - a +0 arbalest;
y - a +1 sling (weapon)
Adjust to which letter? (? for menu, Esc to quit)
a - a +2 short sword of venom
o - the +3 spear of Rounnyss {antimagic, rC+ Will+ Dex+3} Your +2 short sword of venom begins to drip with poison!
a - a +2 short sword of venom (weapon)
Your +2 short sword of venom stops dripping with poison.
b - a +0 arbalest (weapon)
You start resting.
HP restored.
You start resting.
Magic restored.
You see here a +0 mace.
You open the door.
Found an escape hatch in the ceiling.
Found a stone staircase leading down.
There is an open door here.
Found an escape hatch in the floor.
There is an open door here.
Found a scroll of poison.
Found a glowing golden altar of the Shining One.
You see here a scroll of poison.
z - a scroll of poison An adder comes into view.
Found a club.
You shoot a bolt. The bolt hits the adder!
You kill the adder!
Found a stone staircase leading up.
A scorpion comes into view.
Found a stone staircase leading up.
You see here a +0 club.
You shoot a bolt. The bolt hits the scorpion!!
You kill the scorpion!
You have reached level 6!
Your experience leads to a dramatic increase in your attributes!
Your base attributes are Str 11, Int 15, Dex 18.
Increase (S)trength, (I)ntelligence, or (D)exterity?
You feel agile. x4
A - a wand of roots (9)
A goblin comes into view.
It is wielding the +0 flail of Dawa Toaqec {freeze, rElec Int+3}.
You shoot a bolt. The bolt barely misses the goblin.
You shoot a bolt. The bolt hits the goblin!
You kill the goblin!
There is a stone staircase leading up here.
r - 3 scrolls labelled EDUOSO YNGOACA (gained 1)
There is a stone staircase leading up here.
You see here the +0 flail of Dawa Toaqec {freeze, rElec Int+3}.
Done exploring.
There is an open door here.
There is a stone staircase leading down here.
Search for what [Enter for "d:", or ? for help]? d: Unknown command.
You climb downwards.
There is a stone staircase leading up here.
Found an escape hatch in the floor.
There is an escape hatch in the floor here.
B - an amulet of the acrobat You now have 135 gold pieces (gained 4).
You now have 145 gold pieces (gained 10).
You open the door.
There is an open door here.
Found a chain mail.
You start putting on your amulet.
You continue putting on your amulet of the acrobat. x5
You finish putting on your amulet of the acrobat.
You feel ready to tumble and roll out of harm's way.
B - an amulet of the acrobat (around neck)
A centaur comes into view.
Your +2 short sword of venom begins to drip with poison!
a - a +2 short sword of venom (weapon)
The centaur shouts!
You hear a shout!
The centaur wields a +0 shortbow.
The centaur shoots an arrow.
The arrow hits you.
A centaur comes into view.
Found a manual of Fighting.
The centaur completely misses you. x2
You hit the centaur but do no damage.
The centaur shoots an arrow.
The arrow hits you!
The centaur hits you but does no damage.
The centaur misses you.
The centaur shoots an arrow.
The arrow hits you.
You closely miss the centaur. The centaur barely misses you.
The centaur kicks you but does no damage.
The centaur shoots an arrow.
The arrow barely misses you.
You hit the centaur.
The centaur is poisoned.
The centaur is lightly wounded.
The centaur closely misses you. The centaur kicks you.
The centaur hits you but does no damage.
The centaur misses you.
You barely miss the centaur.
The centaur is lightly wounded.
The centaur unwields a +0 shortbow.
The centaur misses you. The centaur barely misses you.
The centaur completely misses you. The centaur kicks you. The centaur hits you.
The centaur barely misses you.
You hit the centaur but do no damage.
The centaur looks as sick as possible!
The centaur is moderately wounded.
The centaur misses you.
The centaur kicks you but does no damage.
The centaur closely misses you.
The centaur kicks you but does no damage.
You hit the centaur.
The centaur looks as sick as possible!
The centaur is heavily wounded.
The centaur hits you.
The centaur kicks you but does no damage.
The centaur barely misses you. The centaur closely misses you. x2
The centaur kicks you.
You hit the centaur but do no damage.
The centaur looks as sick as possible!
The centaur is heavily wounded.
The centaur hits you.
The centaur kicks you but does no damage.
The centaur hits you. The centaur completely misses you.
The centaur hits you but does no damage.
The centaur kicks you.
You hit the centaur.
The centaur looks as sick as possible!
The centaur is severely wounded.
The centaur hits you. The centaur closely misses you. The centaur hits you.
* * * LOW HITPOINT WARNING * * *
The centaur misses you. The centaur hits you.
* * * LOW HITPOINT WARNING * * *
The centaur kicks you but does no damage.
The centaur barely misses you. The centaur closely misses you. x2
The centaur misses you. The centaur hits you.
* * * LOW HITPOINT WARNING * * *
The centaur completely misses you. The centaur hits you.
You die...

Skill      XL: |  1  2  3  4 |
---------------+-------------+-----
Fighting       | 1 2 |  2.4
Dodging        | 2 3 |  3.8
Stealth        | 1 2 |  2.3
Long Blades    | 1 2 |  2.7
Ranged Weapons | |  1.7
Spellcasting   | |  1.0
Hexes          | |  2.6

Action                     |  1- 3 |  4- 6 || total
---------------------------+-------+-------++-------
  Melee: Spear             |    25 |    14 ||    39
         Punch             |       |     1 ||     1
         Short sword       |       |     8 ||     8
   Fire: Sling             |   121 |    57 ||   178
         Arbalest          |       |     4 ||     4
   Cast: Slow              |     1 |       ||     1
    Use: Scroll            |       |     1 ||     1
 Armour: Robe              |    24 |    13 ||    37
  Dodge: Dodged            |    55 |    28 ||    83

Levels and vault maps discovered:
D:1:      dpeg_arrival_stonehenge_12_columns, layout_basic
D:2:      layout_basic, minmay_misc_feat_encased, fountainhead
D:3:      layout_basic, shapermc_ecumenical_altar_notcrosses
D:4:      minmay_polygon_palace, layout_basic, mainiacjoe_overflow_boulevard,
          old_standard_altar
D:5:      layout_loops_corners, mainiacjoe_overflow_six_doors_small,
          minmay_temple_entry_ruins, minmay_manual_mares

Notes
Turn   | Place    | Note
-------+----------+-------------------------------------------
     0 | D:1      | scionoferis the Demigod Hexslinger began the quest for the
                  | Orb.
     0 | D:1      | Reached XP level 1. HP: 15/15 MP: 4/4
    31 | D:1      | Reached skill level 1 in Fighting
    39 | D:1      | Reached skill level 2 in Dodging
    76 | D:1      | Reached XP level 2. HP: 23/23 MP: 5/5
   240 | D:1      | Reached skill level 1 in Stealth
   740 | D:2      | Identified the ring "Zitusyna" {rElec Str+6 Dex+7}
   786 | D:2      | Reached XP level 3. HP: 28/28 MP: 6/6
   842 | D:2      | Identified the +3 spear of Rounnyss {antimagic, rC+ Will+
                  | Dex+3}
  1212 | D:2      | Reached skill level 1 in Long Blades
  1370 | D:2      | Reached XP level 4. HP: 36/36 MP: 2/8
  1703 | D:3      | Reached skill level 3 in Dodging
  1788 | D:3      | Noticed an ogre
  1799 | D:3      | Killed an ogre
  1800 | D:3      | Reached skill level 2 in Fighting
  1800 | D:3      | Reached skill level 2 in Long Blades
  1800 | D:3      | Reached skill level 2 in Stealth
  1800 | D:3      | Reached XP level 5. HP: 41/41 MP: 9/9
  2586 | D:4      | Reached XP level 6. HP: 50/50 MP: 10/10
  2604 | D:4      | Identified the +0 flail of Dawa Toaqec {freeze, rElec
                  | Int+3}
  2679 | D:5      | Entered Level 5 of the Dungeon
  2826 | D:5      | HP: 5/50 [centaur (5)]
  2826 | D:5      | Slain by a centaur

Vanquished Creatures
  An ogre (D:3)
  A scorpion (D:4)
  A howler monkey (D:4)
  4 adders (D:2 D:4)
  2 worms (D:2)
  2 dart slugs (D:2 D:3)
  5 orcs (D:3 D:4)
  9 ball pythons (D:1 D:2 D:3 D:4)
  10 bats (D:1 D:2 D:3)
  5 endoplasms (D:1 D:2 D:3 D:4)
  11 goblins (D:1 D:2 D:3 D:4)
  5 hobgoblins (D:2 D:3)
  10 jackals (D:1 D:2)
  3 quokkas (D:2 D:3)
  A frilled lizard (D:1)
  6 kobolds (D:1 D:2 D:3)
  8 rats (D:1 D:2 D:3)
84 creatures vanquished.

Table legend: (Time is in decaauts)
 A = Elapsed time spent in this place.
 B = Non-inter-level travel time spent in this place.
 C = Inter-level travel time spent in this place.
 D = Time resting spent in this place.
 E = Time spent auto-exploring this place.
 F = Levels seen in this place.
 G = Mean time per level.
                   A        B        C        D        E       F      G
               +--------+--------+--------+--------+--------+-----+--------+
         Total |   2875 |   2804 |     71 |     45 |   2218 |   5 |  575.0 |
       Dungeon |   2875 |   2804 |     71 |     45 |   2218 |   5 |  575.0 |
               +--------+--------+--------+--------+--------+-----+--------+

Top non-repeatable levels by time:
     D:2: 941 daAuts
     D:1: 741 daAuts
     D:3: 579 daAuts
     D:4: 467 daAuts
     D:5: 145 daAuts

Table legend:
 A = Non-vault XP
 B = Vault XP
 C = Vault XP percentage of total XP
 D = Non-vault monster count
 E = Vault monster count
 F = Vault count percentage of total count
                 A         B        C        D         E       F
            +---------+---------+-------+---------+---------+-------
      Total |     459 |       0 |   0.0 |      84 |       0 |   0.0
            +---------+---------+-------+---------+---------+-------
        D:1 |      38 |       0 |   0.0 |      26 |       0 |   0.0
        D:2 |      82 |       0 |   0.0 |      29 |       0 |   0.0
        D:3 |     154 |       0 |   0.0 |      18 |       0 |   0.0
        D:4 |     185 |       0 |   0.0 |      11 |       0 |   0.0
            +---------+---------+-------+---------+---------+-------
